[Event "Titled Tuesday Blitz May 24 Early 2022"]
[White "Khoroshev, Nikita"]
[Black "Aakanksha Hagawane"]
[WhiteFideId "14200287"]
[BlackFideId "25014510"]
[WhiteElo "2354"]
[BlackElo "1971"]
[Result "1-0"]
[Round "01"]
[TimeControl "180+1"]
[Date "2022.05.25"]
[WhiteClock "0:01:57"]
[BlackClock "0:00:42"]

1. e4 e5 2. Nf3 Nc6 3. Bb5 a6 4. Ba4 Nf6 5. O-O Nxe4 6. d4 b5 7. Bb3 d5 8. dxe5 Be6 9. a4 b4 10. a5 Nc5 11. Be3 Nxb3 12. cxb3 Be7 13. Qc2 Nb8 14. Rc1 c6 15. Nd4 Bd7 16. Nf5 Bxf5 17. Qxf5 O-O 18. Nd2 d4 19. Bf4 c5 20. Ne4 Qd5 21. Bg5 g6 22. Qf4 Bxg5 23. Nxg5 Nd7 24. Qh4 h5 25. f4 f6 26. Nf3 fxe5 27. Qg5 Kg7 28. fxe5 Rf5 29. Qe7+ Qf7 30. Qd6 Re8 31. Qxa6 Nxe5 32. Nxe5 Rexe5 33. Rf1 Qd5 34. Rxf5 Rxf5 35. Qc4 Qe4 36. a6 Rg5 37. Qf1 Rf5 38. Qb5 Rg5 39. Qb7+ Qxb7 40. axb7 1-0


[Site "https://www.chess.com"]

[Event "Titled Tuesday Blitz May 24 Early 2022"]
[White "Kim, Sergey"]
[Black "Osiecki, Stanislaw"]
[WhiteFideId "13700570"]
[BlackFideId "1102990"]
[WhiteElo "2558"]
[BlackElo "2127"]
[Result "1/2-1/2"]
[Round "01"]
[TimeControl "180+1"]
[Date "2022.05.25"]
[WhiteClock "0:01:07"]
[BlackClock "0:00:52"]

1. d4 Nf6 2. c4 g6 3. Nc3 Bg7 4. e4 d6 5. Nge2 O-O 6. Ng3 e5 7. d5 a5 8. Be2 Na6 9. O-O Nc5 10. Be3 b6 11. h3 Ne8 12. Qd2 f5 13. f4 Qh4 14. Kh2 fxe4 15. Ncxe4 Nxe4 16. Nxe4 Nf6 17. Ng5 exf4 18. Bxf4 Ng4+ 19. Bxg4 Bxg4 20. Bg3 Qh5 21. Kg1 Bh6 22. h4 Be2 23. Rxf8+ Rxf8 24. Re1 Bxc4 25. b3 Qg4 26. Bf2 Ba6 27. Re7 Bxg5 28. hxg5 Rf7 29. Re8+ Rf8 30. Re7 Rf7 31. Re8+ Rf8 32. Re7 1/2-1/2


[Site "https://www.chess.com"]

[Event "Titled Tuesday Blitz May 24 Early 2022"]
[White "Kim, Yoon-Young"]
[Black "Hoffmann, Asa"]
[WhiteFideId "30908779"]
[BlackFideId "2001470"]
[WhiteElo "2109"]
[BlackElo "2117"]
[Result "1-0"]
[Round "01"]
[TimeControl "180+1"]
[Date "2022.05.25"]
[WhiteClock "0:00:30"]
[BlackClock "0:00:54"]

1. d4 Nf6 2. c4 c5 3. Nf3 cxd4 4. Nxd4 e5 5. Nb5 d5 6. cxd5 Bb4+ 7. N5c3 O-O 8. a3 Ba5 9. Bg5 Bf5 10. g3 Nbd7 11. Bg2 h6 12. Be3 Ng4 13. Bc1 Bb6 14. O-O Rc8 15. Nd2 Re8 16. Nde4 Nc5 17. Nxc5 Bxc5 18. h3 Nf6 19. Be3 Bxe3 20. fxe3 Bg6 21. Qb3 b6 22. Rad1 e4 23. d6 Qd7 24. Rd4 Re6 25. Rfd1 Rd8 26. g4 Rde8 27. Nb5 Re5 28. Nc7 Rc8 29. Nd5 Qxd6 30. Nf4 Qc5 31. Nxg6 Qc2 32. Qxc2 Rxc2 33. Nxe5 Rxe2 34. Nc4 b5 35. R4d2 Rxd2 36. Nxd2 1-0


[Site "https://www.chess.com"]

[Event "Titled Tuesday Blitz May 24 Early 2022"]
[White "Klekowski, Maciej"]
[Black "Lopez, Henry"]
[WhiteFideId "1132717"]
[BlackFideId "5203830"]
[WhiteElo "2476"]
[BlackElo "2177"]
[Result "1-0"]
[Round "01"]
[TimeControl "180+1"]
[Date "2022.05.25"]
[WhiteClock "0:02:19"]
[BlackClock "0:01:29"]

1. e4 c5 2. Nc3 Nc6 3. f4 g6 4. Nf3 Bg7 5. Bc4 e6 6. O-O Nge7 7. Kh1 O-O 8. d3 a6 9. a4 b6 10. Qe1 d6 11. Bb3 h6 12. Be3 Kh8 13. Qf2 f5 14. Rad1 e5 15. Nd5 Rb8 16. c3 Bd7 17. Qg3 Nxd5 18. exd5 Ne7 19. fxe5 1-0


[Site "https://www.chess.com"]

[Event "Titled Tuesday Blitz May 24 Early 2022"]
[White "Klimkowski, Jan"]
[Black "Kalogridis, Antonios"]
[WhiteFideId "21856222"]
[BlackFideId "25833901"]
[WhiteElo "2197"]
[BlackElo "1596"]
[Result "1-0"]
[Round "01"]
[TimeControl "180+1"]
[Date "2022.05.25"]
[WhiteClock "0:00:10"]
[BlackClock "0:01:10"]

1. e4 c6 2. d4 d5 3. e5 c5 4. Nf3 Nc6 5. c3 Bg4 6. Be3 e6 7. Nbd2 cxd4 8. cxd4 Nge7 9. Qb3 Qb6 10. h3 Bh5 11. Qxb6 axb6 12. Bb5 Nf5 13. O-O Bb4 14. a3 Bxd2 15. Nxd2 Ke7 16. g4 Nxe3 17. fxe3 Bg6 18. Rac1 Rhc8 19. Rc3 Na7 20. Be2 Rxc3 21. bxc3 Nc6 22. Ra1 Kd7 23. Bb5 Kc7 24. Kf2 Ra5 25. a4 Na7 26. Nb3 Nxb5 27. Nxa5 bxa5 28. axb5 Kb6 29. Ke2 Kxb5 30. Kd2 b6 31. Ra2 Ka6 32. h4 b5 33. Kc1 h5 34. gxh5 Bxh5 35. Rg2 g6 36. Rf2 g5 37. hxg5 Bg6 38. Kb2 Kb6 39. Kb3 Kc6 40. Rh2 Kb6 41. Rh8 Kb7 42. Rd8 Kc7 43. Rd6 Kb7 44. Ka3 Bh5 45. Rd8 Bg6 46. Kb3 Kc7 47. Rf8 Bh5 48. Rh8 Bg6 49. Rh1 Kb6 50. Ra1 Ka6 51. Kb2 Kb6 52. Rf1 Kc6 53. Kb3 Kb6 54. e4 dxe4 55. c4 e3 56. Re1 a4+ 57. Kb4 bxc4 58. Rxe3 Bc2 59. Kxc4 Bb3+ 60. Kb4 Kc6 61. Rf3 Kd5 62. Rxf7 Kxd4 63. g6 1-0


[Site "https://www.chess.com"]

[Event "Titled Tuesday Blitz May 24 Early 2022"]
[White "Kollars, Dmitrij"]
[Black "Adewumi, Tanitoluwa"]
[WhiteFideId "12909572"]
[BlackFideId "30966396"]
[WhiteElo "2584"]
[BlackElo "2524"]
[Result "1-0"]
[Round "01"]
[TimeControl "180+1"]
[Date "2022.05.24"]
[WhiteClock "0:00:12"]
[BlackClock "0:00:10"]

1. e4 c5 2. c3 Nf6 3. e5 Nd5 4. Bc4 Nb6 5. Bb3 Nc6 6. Nf3 c4 7. Bc2 d6 8. exd6 Qxd6 9. b3 Be6 10. O-O O-O-O 11. Na3 Bd5 12. Qe2 Qe6 13. Qxe6+ Bxe6 14. Ng5 Bd5 15. Be4 Bxe4 16. Nxe4 cxb3 17. axb3 e5 18. g4 h6 19. Nc4 Nxc4 20. bxc4 g6 21. Nf6 Rd3 22. Nd5 Bc5 23. Kg2 f5 24. h3 h5 25. g5 h4 26. f4 exf4 27. Nxf4 Rg3+ 28. Kh1 Bd6 29. d4 Re8 30. Ra2 a6 31. c5 Bxf4 32. Bxf4 Rxh3+ 33. Rh2 Rxc3 34. d5 Nd4 35. Rxh4 Rxc5 36. Rh7 Re4 37. d6 Ne6 38. Rd1 Rxf4 39. d7+ Kd8 40. Rh8+ Kc7 41. Rc8+ Kb6 42. Rd6+ Rc6 43. Rxe6 Rd4 44. Rexc6+ bxc6 45. d8=Q+ Rxd8 46. Rxd8 a5 47. Rd6 a4 48. Rxg6 a3 49. Re6 Kc5 50. Re1 f4 51. g6 f3 52. g7 f2 53. Rf1 Kd4 54. g8=Q Ke3 55. Qa2 1-0


[Site "https://www.chess.com"]

[Event "Titled Tuesday Blitz May 24 Early 2022"]
[White "Kosteniuk, Alexandra"]
[Black "Miszler, Levente"]
[WhiteFideId "4128125"]
[BlackFideId "763276"]
[WhiteElo "2469"]
[BlackElo "1966"]
[Result "1-0"]
[Round "01"]
[TimeControl "180+1"]
[Date "2022.05.25"]
[WhiteClock "0:01:46"]
[BlackClock "0:00:40"]

1. e4 e6 2. d4 d5 3. Nc3 Nf6 4. Bg5 Be7 5. e5 Nfd7 6. h4 h6 7. Bxe7 Qxe7 8. Qg4 O-O 9. Nf3 a6 10. Rh3 f5 11. Qg6 Qf7 12. Qxf7+ Kxf7 13. O-O-O c5 14. Ne2 Nc6 15. c3 b5 16. h5 a5 17. Nf4 b4 18. Nh4 Nb6 19. Nhg6 Rd8 20. dxc5 Nd7 21. c4 d4 22. Nd3 Ba6 23. b3 Ne7 24. Nxe7 Kxe7 25. g4 Rac8 26. gxf5 exf5 27. Rg3 Kf7 28. e6+ Kxe6 29. Rxg7 Nf6 30. Re1+ Ne4 31. Rg6+ Kf7 32. Rxa6 1-0


[Site "https://www.chess.com"]

[Event "Titled Tuesday Blitz May 24 Early 2022"]
[White "Kozak, Antoni"]
[Black "Jakubowska, Anna"]
[WhiteFideId "21832030"]
[BlackFideId "1121952"]
[WhiteElo "2322"]
[BlackElo "1878"]
[Result "1-0"]
[Round "01"]
[TimeControl "180+1"]
[Date "2022.05.25"]
[WhiteClock "0:01:10"]
[BlackClock "0:00:22"]

1. Nf3 d5 2. d4 Nf6 3. Bf4 c5 4. c3 Nc6 5. e3 Bf5 6. dxc5 e6 7. Bb5 Bxc5 8. Nd4 Bxd4 9. exd4 O-O 10. O-O Bxb1 11. Rxb1 Rc8 12. Re1 a6 13. Bd3 b5 14. a3 h6 15. Re3 Nh7 16. Rg3 Qf6 17. Qg4 e5 18. dxe5 Nxe5 19. Bxe5 Qxe5 20. Re3 Qf6 21. Rbe1 Rc6 22. h3 Rd6 23. Re8 d4 24. Bxh7+ Kxh7 25. Rxf8 dxc3 26. Ree8 g6 27. Rh8+ Qxh8 28. Rxh8+ Kxh8 29. Qc8+ Kh7 30. Qxc3 1-0


[Site "https://www.chess.com"]

[Event "Titled Tuesday Blitz May 24 Early 2022"]
[White "Kruckenhauser, Arthur"]
[Black "Silvestre, Christian"]
[WhiteFideId "1642812"]
[BlackFideId "30956269"]
[WhiteElo "2243"]
[BlackElo "2268"]
[Result "1-0"]
[Round "01"]
[TimeControl "180+1"]
[Date "2022.05.25"]
[WhiteClock "0:02:04"]
[BlackClock "0:01:19"]

1. Nf3 d6 2. d4 Nf6 3. c4 g6 4. Nc3 Bg7 5. e4 O-O 6. Be2 e5 7. O-O Nc6 8. dxe5 Nxe5 9. Nxe5 dxe5 10. Qa4 c6 11. Be3 Qe7 12. Rfd1 Nd7 13. Rd2 Re8 14. Rad1 Nc5 15. Qa3 Ne6 16. Qxe7 Rxe7 17. Rd8+ Bf8 18. Bh6 f6 19. Bg4 f5 20. exf5 Nxd8 21. Rxd8 Rf7 22. fxg6 Bxg4 23. gxf7+ Kxf7 24. Rxa8 Bxh6 25. Rxa7 Bc8 26. Ra8 Be6 27. Ne4 1-0


[Site "https://www.chess.com"]

[Event "Titled Tuesday Blitz May 24 Early 2022"]
[White "Kucuksari, Kaan"]
[Black "Petrova, Irina"]
[WhiteFideId "6380166"]
[BlackFideId "14124122"]
[WhiteElo "2305"]
[BlackElo "1993"]
[Result "1-0"]
[Round "01"]
[TimeControl "180+1"]
[Date "2022.05.25"]
[WhiteClock "0:00:09"]
[BlackClock "0:00:04"]

1. d4 d5 2. Nf3 Nf6 3. c4 c6 4. Qc2 e6 5. g3 Nbd7 6. Bg2 Be7 7. O-O O-O 8. Nbd2 b6 9. e4 dxe4 10. Nxe4 Bb7 11. Bf4 Nxe4 12. Qxe4 Nf6 13. Qc2 c5 14. Rad1 Qc8 15. Rfe1 cxd4 16. Rxd4 Bc5 17. Rd2 Rd8 18. Be5 Rxd2 19. Qxd2 Ne4 20. Rxe4 Bxe4 21. Nh4 Bxg2 22. Nxg2 Qd8 23. Qe2 Bd4 24. Bf4 Bxb2 25. h4 Bf6 26. Ne3 Qd4 27. Ng4 Rd8 28. Kg2 Qd1 29. Nxf6+ gxf6 30. Qe4 Qd4 31. Qf3 f5 32. Qh5 Qe4+ 33. Kh2 Qd4 34. Qg5+ Kf8 35. Be3 Qd7 36. Qf6 Rc8 37. Bg5 Kg8 38. Bh6 1-0


[Site "https://www.chess.com"]

[Event "Titled Tuesday Blitz May 24 Early 2022"]
[White "Kvaloy, Aksel Bu"]
[Black "Karolczuk, Iwo"]
[WhiteFideId "1528815"]
[BlackFideId "21816972"]
[WhiteElo "2053"]
[BlackElo "2258"]
[Result "0-1"]
[Round "01"]
[TimeControl "180+1"]
[Date "2022.05.25"]
[WhiteClock "0:00:03"]
[BlackClock "0:00:03"]

1. e4 c5 2. Nf3 d6 3. d4 cxd4 4. Nxd4 Nf6 5. Nc3 a6 6. h4 e5 7. Nb3 Be7 8. Be2 Be6 9. f4 b5 10. g4 exf4 11. g5 Nfd7 12. Bxf4 Nc6 13. Qd2 Nde5 14. O-O-O Rc8 15. Nd5 Nc4 16. Bxc4 bxc4 17. Nd4 Nxd4 18. Qxd4 Bxd5 19. exd5 O-O 20. c3 Re8 21. Rhg1 Bf8 22. h5 Qd7 23. h6 Qf5 24. Rdf1 Qg6 25. Be3 Re4 26. Qd2 Rce8 27. Bd4 Re2 28. Qd1 Qe4 29. Rf2 Rxf2 30. Bxf2 Re5 31. Bd4 Rxd5 32. Qd2 Qg6 33. Re1 Rxg5 34. hxg7 Bxg7 35. Re8+ Bf8 36. Bf2 h5 37. Qf4 Qf5 38. Qd4 Rg6 39. Be3 h4 40. Qxh4 Rg2 41. Bd2 Qf1+ 42. Re1 Qd3 43. Qh1 Qxd2+ 0-1


[Site "https://www.chess.com"]

[Event "Titled Tuesday Blitz May 24 Early 2022"]
[White "Lazavik, Denis"]
[Black "Coto Mederos, Michel"]
[WhiteFideId "13515110"]
[BlackFideId "3508528"]
[WhiteElo "2437"]
[BlackElo "2427"]
[Result "1-0"]
[Round "01"]
[TimeControl "180+1"]
[Date "2022.05.24"]
[WhiteClock "0:01:22"]
[BlackClock "0:01:01"]

1. d4 d5 2. c4 e6 3. Nf3 Nf6 4. Nc3 Be7 5. Bg5 h6 6. Bh4 O-O 7. e3 Ne4 8. Bxe7 Qxe7 9. Rc1 b6 10. cxd5 Nxc3 11. Rxc3 exd5 12. Qc2 c5 13. dxc5 bxc5 14. Rxc5 Be6 15. Bb5 Nd7 16. Bxd7 Qxd7 17. O-O Rab8 18. Nd4 Bg4 19. Rc1 Qb7 20. b3 Bh5 21. Rc7 Qa6 22. Qd2 Bg6 23. h3 Rfc8 24. R1c6 1-0


[Site "https://www.chess.com"]

[Event "Titled Tuesday Blitz May 24 Early 2022"]
[White "Le, Tuan Minh"]
[Black "Bellissimo, Joseph F."]
[WhiteFideId "12401153"]
[BlackFideId "2609843"]
[WhiteElo "2450"]
[BlackElo "2061"]
[Result "0-1"]
[Round "01"]
[TimeControl "180+1"]
[Date "2022.05.24"]
[WhiteClock "0:00:05"]
[BlackClock "0:00:11"]

1. d4 Nf6 2. Nf3 e6 3. Bf4 d5 4. e3 Bd6 5. c3 O-O 6. Nbd2 b6 7. Bd3 Bb7 8. O-O Ne4 9. Rc1 c5 10. Qe2 f5 11. Rfd1 Qe7 12. Bxd6 Nxd6 13. c4 Nd7 14. a3 Rac8 15. b4 Ne4 16. bxc5 bxc5 17. cxd5 exd5 18. dxc5 Ndxc5 19. Nd4 Qh4 20. N2f3 Qh5 21. Ne1 Qh4 22. g3 Qh3 23. Ng2 g5 24. f3 Nd6 25. Bb1 Ba6 26. Qf2 Nc4 27. Rc3 Ne5 28. Rxc5 Rxc5 29. Ne6 Rfc8 30. Nxc5 Rxc5 31. e4 Rc3 32. Ne1 g4 33. exd5 gxf3 34. d6 Rc8 35. Nxf3 Ng4 36. Qa2+ Kg7 37. Qb2+ Kh6 38. d7 Rd8 39. Rd6+ Kh5 40. Bxf5 Qf1# 0-1


[Site "https://www.chess.com"]

[Event "Titled Tuesday Blitz May 24 Early 2022"]
[White "Legenia, Artem"]
[Black "Volkov, Maksim"]
[WhiteFideId "14136945"]
[BlackFideId "54123070"]
[WhiteElo "1936"]
[BlackElo "2155"]
[Result "1/2-1/2"]
[Round "01"]
[TimeControl "180+1"]
[Date "2022.05.25"]
[WhiteClock "0:00:14"]
[BlackClock "0:00:10"]

1. g3 d5 2. Bg2 Nf6 3. b3 c5 4. Bb2 Nc6 5. d3 g6 6. e3 Bg7 7. Ne2 O-O 8. h3 e5 9. O-O Be6 10. Nd2 Qd7 11. Kh2 Rad8 12. a3 Rfe8 13. f4 exf4 14. Nxf4 Bf5 15. Bxf6 Bxf6 16. Nxd5 Bg7 17. e4 Be6 18. Nf6+ Bxf6 19. Rxf6 Qd4 20. Rf1 Qc3 21. Nf3 Nd4 22. Nxd4 cxd4 23. a4 Rc8 24. Rf2 Rc5 25. Qe1 Rec8 26. Qf1 Qb4 27. Ra2 Rc3 28. h4 a5 29. Qd1 Qc5 30. Bh3 Bxh3 31. Kxh3 h5 32. Kg2 Qe5 33. Qf1 R8c7 34. Qd1 Kg7 35. Qf1 f6 36. Qd1 R7c6 37. Qf1 Kf7 38. Qd1 Qc5 39. Qe2 Kg7 40. Qd1 Qe7 41. Qe2 Qc7 42. Qd1 Re6 43. Qf3 Qc6 44. Kh2 Rc5 45. Kg2 b6 46. Kh2 Re7 47. Kg2 Rce5 48. Kh2 Rf7 49. Kg2 Qb7 50. Kh2 Qe7 51. Kg2 f5 52. Ra1 fxe4 53. Qxf7+ Qxf7 54. Rxf7+ Kxf7 55. dxe4 Rxe4 56. Kf2 Re3 57. Rd1 Rc3 58. Rxd4 Rxc2+ 59. Ke3 Rc3+ 60. Rd3 Rc1 61. Rd6 Rc3+ 62. Rd3 Rc6 63. Rd4 Kf6 64. Ke4 Re6+ 65. Kd3 Kf5 66. Rf4+ Ke5 67. Re4+ Kf5 68. Rxe6 Kxe6 69. Ke4 Kf6 70. Kf4 Ke6 71. Ke4 Kd6 72. Kd4 Ke6 73. Ke4 1/2-1/2


[Site "https://www.chess.com"]

[Event "Titled Tuesday Blitz May 24 Early 2022"]
[White "Li, Xueyi"]
[Black "Hua, Lefong"]
[WhiteFideId "8605912"]
[BlackFideId "2602253"]
[WhiteElo "2091"]
[BlackElo "2629"]
[Result "1/2-1/2"]
[Round "01"]
[TimeControl "180+1"]
[Date "2022.05.25"]
[WhiteClock "0:00:03"]
[BlackClock "0:00:08"]

1. d4 Nf6 2. c4 c5 3. d5 e6 4. Nc3 exd5 5. cxd5 d6 6. Nf3 g6 7. Bf4 a6 8. a4 Bg7 9. h3 O-O 10. e3 Ne8 11. Be2 Qe7 12. O-O Nd7 13. Re1 Rb8 14. Bf1 Nc7 15. e4 Ne5 16. Nxe5 Bxe5 17. Qd2 Re8 18. Rad1 Bd4 19. Ne2 Bg7 20. Ng3 Qd8 21. Bh6 Bd4 22. Bg5 Bf6 23. h4 b5 24. axb5 Nxb5 25. Bxb5 Rxb5 26. Bxf6 Qxf6 27. Qh6 Rxb2 28. f3 Bh3 29. Re2 Rxe2 30. Nxe2 Bd7 31. Ng3 c4 32. Nh5 Qb2 33. Qg5 Ba4 34. Nf6+ Kf8 35. Nxe8 Kxe8 36. Qf4 Bxd1 37. Qxd6 c3 38. Qc6+ Kf8 39. Qd6+ Kg8 40. Qd8+ Kg7 41. e5 h5 42. Qf6+ Kg8 43. Qd8+ Kh7 44. Qe7 Qb8 45. Qxf7+ Kh6 46. Qf4+ Kg7 47. Qf6+ Kh7 48. Qf7+ Kh8 49. Qf6+ Kh7 50. Qf7+ 1/2-1/2


[Site "https://www.chess.com"]

[Event "Titled Tuesday Blitz May 24 Early 2022"]
[White "Livaic, Leon"]
[Black "Vidonyak, Roman"]
[WhiteFideId "14531534"]
[BlackFideId "14100622"]
[WhiteElo "2540"]
[BlackElo "2362"]
[Result "1-0"]
[Round "01"]
[TimeControl "180+1"]
[Date "2022.05.25"]
[WhiteClock "0:00:24"]
[BlackClock "0:00:10"]

1. d4 Nf6 2. Nc3 d5 3. Bf4 a6 4. e3 c5 5. dxc5 Qa5 6. Nf3 Qxc5 7. Bd3 Bg4 8. h3 Bxf3 9. Qxf3 e6 10. O-O Be7 11. e4 O-O 12. exd5 exd5 13. Rfe1 Nc6 14. Bg5 Nd4 15. Qe3 Ne6 16. Qxc5 Bxc5 17. Bxf6 gxf6 18. Nxd5 Kg7 19. b4 Bd4 20. c3 Be5 21. Rad1 Rfd8 22. c4 Rac8 23. Ne7 Rc7 24. Nf5+ Kg8 25. Bf1 Rcd7 26. Rd5 Nf4 27. Rxd7 Rxd7 28. g3 Ne6 29. c5 Bc3 30. Re4 Rd1 31. Kg2 Rb1 32. a3 Rb3 33. Bc4 Rxa3 34. Bxe6 fxe6 35. Rxe6 Bxb4 36. Re8+ Kf7 37. Re7+ Kg8 38. Rg7+ Kf8 39. Rxh7 Bxc5 40. Rxb7 Ra2 41. g4 Rxf2+ 42. Kg3 Ra2 43. h4 Ra3+ 44. Kg2 Ra2+ 45. Kf3 a5 46. h5 a4 47. h6 Kg8 48. h7+ Kh8 49. Nh4 Rf2+ 50. Kg3 1-0


[Site "https://www.chess.com"]

[Event "Titled Tuesday Blitz May 24 Early 2022"]
[White "Lobachev, Yury"]
[Black "Ezat, Mohamed"]
[WhiteFideId "24138177"]
[BlackFideId "10600906"]
[WhiteElo "2309"]
[BlackElo "2386"]
[Result "0-1"]
[Round "01"]
[TimeControl "180+1"]
[Date "2022.05.25"]
[WhiteClock "0:00:11"]
[BlackClock "0:00:15"]

1. c4 Nf6 2. Nc3 g6 3. g3 Bg7 4. Bg2 O-O 5. Nf3 c5 6. O-O d5 7. cxd5 Nxd5 8. Nxd5 Qxd5 9. d3 Nc6 10. a3 b6 11. Qc2 Bb7 12. Be3 Rac8 13. Rac1 e5 14. Ng5 Qxg2+ 15. Kxg2 Nd4+ 16. Kg1 Nxc2 17. Rxc2 h6 18. Ne4 Rfd8 19. f3 f5 20. Nd2 g5 21. Bf2 h5 22. Rfc1 Kf7 23. b4 cxb4 24. axb4 Rxc2 25. Rxc2 Rd7 26. b5 Bf8 27. Nc4 Ke6 28. Nd2 Bd6 29. Kf1 Rc7 30. Rxc7 Bxc7 31. Nc4 Bc8 32. Be3 f4 33. gxf4 gxf4 34. Bc1 Bd7 35. Na3 Kd5 36. Ke1 Kc5 37. Kd2 Bxb5 38. Bb2 a6 39. Nc2 Kd5 40. Nb4+ Ke6 41. Nc2 a5 42. d4 Bc4 43. dxe5 Bxe5 44. Ba3 b5 45. Bc1 b4 46. Ne1 Bc3+ 47. Kd1 Bb3+ 48. Nc2 a4 49. Bd2 Bxc2+ 50. Kxc2 Bxd2 51. Kxd2 a3 52. Kc2 Kd5 53. Kb3 Kd4 54. h4 Ke3 0-1


[Site "https://www.chess.com"]

[Event "Titled Tuesday Blitz May 24 Early 2022"]
[White "Lodici, Lorenzo"]
[Black "Mortazavi, Ali"]
[WhiteFideId "884189"]
[BlackFideId "401323"]
[WhiteElo "2265"]
[BlackElo "2339"]
[Result "1-0"]
[Round "01"]
[TimeControl "180+1"]
[Date "2022.05.24"]
[WhiteClock "0:00:31"]
[BlackClock "0:00:01"]

1. c4 Nf6 2. d4 g6 3. g3 Bg7 4. Bg2 O-O 5. Nc3 d6 6. Nf3 Nbd7 7. O-O e5 8. e4 c6 9. h3 Qa5 10. Bd2 exd4 11. Nxd4 Qc5 12. Bf4 Ne5 13. b3 b5 14. Rc1 bxc4 15. bxc4 Bd7 16. Nb3 Qxc4 17. Qxd6 Nd3 18. Nd5 Nxc1 19. Rxc1 Qxc1+ 20. Bxc1 cxd5 21. exd5 Bb5 22. Nd4 Bc4 23. Nc6 Rfe8 24. Ne7+ Kh8 25. Bb2 Nh5 26. Bxg7+ Nxg7 27. a4 Rad8 28. Qc7 Bd3 29. d6 Nf5 30. Qc3+ Ng7 31. Qf6 Rd7 32. Bc6 Rb8 33. Bxd7 Rb1+ 34. Kg2 Bf1+ 35. Kf3 Rb3+ 36. Ke4 Bg2+ 37. Kd4 Rb4+ 38. Kc5 Rxa4 39. Bxa4 1-0


[Site "https://www.chess.com"]

[Event "Titled Tuesday Blitz May 24 Early 2022"]
[White "Lutz, Igor Oscar"]
[Black "Turutin, Alexander"]
[WhiteFideId "2110806"]
[BlackFideId "4180623"]
[WhiteElo "1717"]
[BlackElo "2402"]
[Result "0-1"]
[Round "01"]
[TimeControl "180+1"]
[Date "2022.05.25"]
[WhiteClock "0:00:13"]
[BlackClock "0:01:07"]

1. d4 Nf6 2. c4 g6 3. Nc3 Bg7 4. e4 O-O 5. Nf3 d6 6. Be2 e5 7. Be3 Na6 8. Qc2 Ng4 9. Bg5 f6 10. Bh4 Qe8 11. h3 Nh6 12. a3 exd4 13. Nxd4 f5 14. Nf3 fxe4 15. Nxe4 Bf5 16. Nfd2 Nc5 17. f3 Qe5 18. O-O Qxb2 19. Qxb2 Bxb2 20. Rab1 Bxa3 21. g4 Bxe4 22. Nxe4 Nxe4 23. fxe4 Bc5+ 24. Kg2 b6 25. Bf3 Rae8 26. Ra1 a5 27. Be1 Nf7 28. Bc3 Ne5 29. Be2 Rxf1 30. Rxf1 Rf8 31. Rxf8+ Kxf8 32. Kg3 Kf7 33. Kf4 Kf6 34. g5+ Ke6 35. Bxe5 dxe5+ 36. Kg4 Be3 37. Bd3 c6 38. h4 Bf2 39. h5 gxh5+ 40. Kxh5 Be3 41. Kh6 Kd6 42. Kxh7 Bxg5 43. Kg6 Bf4 44. Kf5 Kc5 45. Ke6 b5 46. cxb5 cxb5 47. Kd7 a4 48. Kc7 a3 49. Bb1 b4 50. Kb7 b3 0-1


[Site "https://www.chess.com"]

[Event "Titled Tuesday Blitz May 24 Early 2022"]
[White "Makhnev, Denis"]
[Black "Fromm, Marius"]
[WhiteFideId "13707647"]
[BlackFideId "12993190"]
[WhiteElo "2501"]
[BlackElo "2497"]
[Result "1-0"]
[Round "01"]
[TimeControl "180+1"]
[Date "2022.05.24"]
[WhiteClock "0:00:24"]
[BlackClock "0:00:13"]

1. d4 Nf6 2. c4 e6 3. Nf3 d5 4. Nc3 dxc4 5. e3 a6 6. Bxc4 b5 7. Bb3 Bb7 8. O-O c5 9. e4 cxd4 10. Nxd4 Nc6 11. Nxc6 Qxd1 12. Rxd1 Bxc6 13. f3 Bc5+ 14. Kf1 Ke7 15. e5 Nd7 16. Bg5+ Ke8 17. Rac1 Rc8 18. Ne2 Be7 19. Bf4 g5 20. Bg3 h5 21. Nd4 Bb7 22. Rxc8+ Bxc8 23. Nc6 Bb7 24. Nxe7 Kxe7 25. h4 g4 26. fxg4 hxg4 27. Rc1 Kd8 28. Bf4 Nb6 29. Bd1 Kd7 30. Bg5 Nc4 31. Bxg4 Nxe5 32. Rd1+ Bd5 33. Rxd5+ 1-0


[Site "https://www.chess.com"]

[Event "Titled Tuesday Blitz May 24 Early 2022"]
[White "Maksimovic, Bojan"]
[Black "Toncheva, Nadya"]
[WhiteFideId "14408120"]
[BlackFideId "2924056"]
[WhiteElo "2448"]
[BlackElo "1888"]
[Result "1-0"]
[Round "01"]
[TimeControl "180+1"]
[Date "2022.05.25"]
[WhiteClock "0:00:09"]
[BlackClock "0:00:03"]

1. d4 d5 2. c4 c6 3. Nf3 Nf6 4. e3 e6 5. Nc3 Nbd7 6. Qc2 Bd6 7. b3 O-O 8. Be2 Qe7 9. O-O e5 10. dxe5 Nxe5 11. cxd5 cxd5 12. Bb2 a6 13. Rad1 Be6 14. Nd4 Rac8 15. Nf5 Bxf5 16. Qxf5 Qe6 17. Qxe6 fxe6 18. e4 Neg4 19. exd5 Bxh2+ 20. Kh1 Be5 21. Rd3 exd5 22. Bf3 Rfd8 23. Ba1 d4 24. Ne2 Rc2 25. Kg1 Nh2 26. Rfd1 Nxf3+ 27. gxf3 Rxe2 28. a4 Ra2 29. f4 Bc7 30. Bxd4 Bb6 31. Bxf6 Rxd3 32. Rxd3 gxf6 33. Rd7 Rb2 34. Rxb7 Bd4 35. Kf1 Rxf2+ 36. Ke1 Rxf4 37. Ke2 Rf3 38. Kxf3 Be5 39. Ke4 h5 40. Kf5 h4 41. Kg4 Kf8 42. b4 Ke8 43. Kxh4 Kd8 44. Kg4 Kc8 45. Rb6 Bd4 46. Rxa6 Be5 47. b5 Kb7 48. Kf5 Bd4 49. Rxf6 Bxf6 50. Kxf6 1-0


[Site "https://www.chess.com"]

[Event "Titled Tuesday Blitz May 24 Early 2022"]
[White "Martin Carmona, Gaston Manuel"]
[Black "Samadov, Read"]
[WhiteFideId "22284567"]
[BlackFideId "13417444"]
[WhiteElo "2162"]
[BlackElo "2084"]
[Result "0-1"]
[Round "01"]
[TimeControl "180+1"]
[Date "2022.05.25"]
[WhiteClock "0:01:39"]
[BlackClock "0:01:01"]

1. d4 Nf6 2. c4 e6 3. Nc3 Bb4 4. Qc2 d5 5. cxd5 exd5 6. Bg5 h6 7. Bh4 O-O 8. e3 Be6 9. Bd3 c5 10. dxc5 Nbd7 11. a3 Bxc5 12. Nge2 Rc8 13. O-O Be7 14. Nd4 a6 15. Nxe6 fxe6 16. Rad1 Ng4 17. Bg3 Bh4 18. Qb3 Bxg3 19. hxg3 Nc5 20. Qb4 Qg5 21. Be2 Nf6 22. Bf3 Kh8 23. Qd4 e5 24. Qh4 Qxh4 25. gxh4 e4 26. Be2 Rfd8 27. Rd4 Ne6 28. Rb4 d4 29. exd4 Nxd4 30. Rxb7 Rxc3 31. bxc3 Nxe2+ 32. Kh2 Nxc3 33. Rc1 Ne2 34. Rcc7 Ng4+ 35. Kh1 Rd1# 0-1


[Site "https://www.chess.com"]

[Event "Titled Tuesday Blitz May 24 Early 2022"]
[White "Maung, Maung Kyaw Zaw Hein"]
[Black "Izzat, Kanan"]
[WhiteFideId "13001698"]
[BlackFideId "13405209"]
[WhiteElo "1785"]
[BlackElo "2362"]
[Result "0-1"]
[Round "01"]
[TimeControl "180+1"]
[Date "2022.05.25"]
[WhiteClock "0:00:06"]
[BlackClock "0:00:47"]

1. Nf3 d5 2. d4 Nf6 3. g3 e6 4. Bg2 Be7 5. O-O O-O 6. c4 dxc4 7. Ne5 c5 8. e3 cxd4 9. exd4 Nc6 10. Nxc6 bxc6 11. Bxc6 Rb8 12. Nc3 Bb7 13. Bxb7 Rxb7 14. Re1 Qa8 15. d5 Rd7 16. Qa4 exd5 17. Bg5 Rfd8 18. Re5 h6 19. Bd2 d4 20. Ne2 Ne4 21. Rd1 Bf6 22. Ra5 c3 23. Bc1 d3 24. Nxc3 Bxc3 25. bxc3 Nxc3 0-1


[Site "https://www.chess.com"]